 Dungeon Crawl Stone Soup version 0.29.1-15-g9cfb28693d (webtiles) character file.

Game seed: 5095775692220154901

338 adizb the Digger (level 6, 0/36 HPs)
             Began as a Gargoyle Earth Elementalist on Apr 21, 2023.
             Was an Initiate of Ashenzari.
             Slain by a gnoll
             ... wielding a +0 spear
             ... led by a gnoll bouda
              (3 damage)
             ... on level 5 of the Dungeon.
             The game lasted 00:18:37 (2595 turns).

adizb the Digger (Gargoyle Earth Elementalist)      Turns: 2595, Time: 00:18:37

Health: 0/36       AC: 10    Str: 14    XL:     6   Next: 55%
Magic:  0/6        EV: 10    Int: 15    God:    Ashenzari [......]
Gold:   144        SH:  0    Dex: 10    Spells: 5/11 levels left

rFire   . . .      SeeInvis +   j - +8 quick blade "Eddues" {antimagic, rC++ rN+++ SInv Stlth-}
rCold   + + .      Faith    .   (no shield)
rNeg    + + +      Spirit   .   h - +0 ring mail
rPois   ∞          Reflect  .   (no helmet)
rElec   +          Harm     .   (no cloak)
rCorr   .          Rampage  .   (no gloves)
Will    .....                   (no boots)
Stlth   ..........              (no amulet)
HPRegen 0.12/turn               i - ring of wizardry
MPRegen 0.10/turn               l - ring of Supernal Wisdom {MP+9, Alch, Fort} (curse)

@: invisible
A: sickness immunity, AC +4, negative energy resistance 1, electricity
resistance, torment resistance 1, petrification resistance
a: Renounce Religion, Shatter the Chains


You were on level 5 of the Dungeon.
You worshipped Ashenzari.
Ashenzari was noncommittal.
You visited 1 branch of the dungeon, and saw 5 of its levels.

You collected 144 gold pieces.

Inventory:

Hand Weapons
 a - a +0 dagger of venom
 j - the +8 quick blade "Eddues" (weapon) {antimagic, rC++ rN+++ SInv Stlth-}
   (You acquired it on level 1 of the Dungeon)

   It reduces the magical energy of the wielder, and disrupts the spells and
   magical abilities of those it strikes.
   Natural abilities and divine invocations are not affected.
   rC:        It greatly protects you from cold.
   rN:        It renders you almost immune to negative energy.
   SInv:      It lets you see invisible.
   Stlth:     It makes you less stealthy.
Armour
 h - a +0 ring mail (worn)
 k - a +0 scale mail
Magical Staves
 s - a staff of fire
Jewellery
 c - a ring of resist corrosion
 i - a ring of wizardry (left hand)
 l - the cursed ring of Supernal Wisdom (right hand) {MP+9, Alch, Fort}
   (You found it on level 2 of the Dungeon)

   [ring of magical power]

   MP:        It affects your magic capacity (+9).
   It has a curse which improves the following skills: Alchemy: Poison Magic and
   Transmutations.
   Fortitude: Armour and Shields.
Scrolls
 d - a scroll of enchant armour {unknown}
 f - a scroll of fog {unknown}
 g - a scroll of immolation {unknown}
 n - a scroll of poison {unknown}
 o - 4 scrolls of amnesia
 t - a scroll of fear {unknown}
 u - a scroll of summoning {unknown}
Potions
 b - a potion of magic
 e - 2 potions of brilliance
 m - a potion of attraction
 q - a potion of might {unknown}
 r - a potion of haste {unknown}


   Skills:
 * Level 2.7 Fighting
 + Level 1.7 Short Blades
 + Level 2.4(2.8) Armour
 - Level 1.5 Dodging
 - Level 2.1 Stealth
 + Level 3.1 Spellcasting
 + Level 1.3 Conjurations
 - Level 2.0(2.3) Transmutations
 + Level 4.7 Earth Magic


You had 5 spell levels left.
You knew the following spells:

 Your Spells              Type           Power      Damage    Failure   Level
a - Sandblast             Erth           32%        2d9       2%          1
b - Passwall              Tmut/Erth      10%        N/A       6%          2
c - Stone Arrow           Conj/Erth      22%        3d8       14%         3

Your spell library contained the following spells:

 Spells                   Type           Power      Damage    Failure   Level
 Beastly Appendage        Tmut           18%        N/A       6%          1
 Wereblood                Tmut           9%         N/A       9%          2
 Magic Dart               Conj           24%        1d4       10%         1
 Searing Ray              Conj           12%        2d4       14%         2
 Spider Form              Tmut/Pois      5%         N/A       28%         3
 Petrify                  Tmut/Erth      12%        N/A       34%         4
 Fulminant Prism          Conj/Hex       2%         3d6       71%         4
 Summon Forest            Summ/Tloc      1%         N/A       98%         5
 Eringya's Noxious Bog    Tmut/Pois      2%         N/A       100%        6
 Summon Hydra             Summ           1%         N/A       100%        7


Dungeon Overview and Level Annotations

Branches:
Dungeon (5/15)
 Temple: D:4-7

Altars:
Ashenzari
Elyvilon
Kikubaaqudgha
Makhleb
Wu Jian


Innate Abilities, Weirdness & Mutations

You are immune to sickness and miasma.
Your stone body is resilient. (AC +4)
You are immune to poison.
You resist negative energy. (rN+)
You are resistant to electric shocks. (rElec)
You are resistant to unholy torment.
You are immune to petrification.


Message History

The gnoll bouda is severely wounded.
The gnoll bouda hits you with a +0 club.
You hit the gnoll bouda but do no damage.
The gnoll bouda is severely wounded.
You closely miss the gnoll bouda.
The gnoll bouda is severely wounded.
The gnoll bouda hits you with a +0 club.
* * * LOW HITPOINT WARNING * * *
The gnoll hits you from afar with a +0 spear.
* * * LOW HITPOINT WARNING * * *
You hit the gnoll bouda but do no damage.
The gnoll bouda is severely wounded.
Your attacks no longer feel as feeble.
The gnoll bouda barely misses you.
You hit the gnoll bouda.
The gnoll bouda is almost dead.
The gnoll hits you from afar with a +0 spear.
* * * LOW HITPOINT WARNING * * *
You closely miss the gnoll bouda.
You punch the gnoll bouda, but do no damage.
The gnoll bouda is almost dead.
A gnoll comes into view. It is wielding a +0 club.
The gnoll bouda barks out a call to the hunt!
The gnoll picks up the pace!
The gnoll barely misses you.
You hit the gnoll bouda.
You kill the gnoll bouda!
Aiming: Sandblast (safe; 2% risk of failure)
Press: ? - help, Q - select action, (/) - cycle Shift-Dir - straight line, f - gnoll
Aim: a gnoll, wielding a +0 spear (covering ground quickly, 84% to hit)
The blast of sand hits the gnoll.
The gnoll is lightly wounded.
The gnoll hits you from afar with a +0 spear.
* * * LOW HITPOINT WARNING * * *
The gnoll hits you from afar with a +0 spear.
* * * LOW HITPOINT WARNING * * *
It was a potion of invisibility.
You fade into invisibility!
The gnoll hits you from afar with a +0 spear.
You die...

##### #...#
#.#.#
######.#.#
#......#.#
#......#@#
...>
#......#)#
##.gg
#......#g#
....
#......#g# ...
#......#)###..
######.#<).#.#
#.###.#.#
#.......#
####....#


You could see 2 gnolls.

Vanquished Creatures
  A phantom (D:4)
  An orc priest (D:5)
  A gnoll bouda (D:5)
  7 gnolls
  5 adders
  2 worms (D:2)
  A dart slug (D:2)
  2 orcs
  7 endoplasms
  A giant cockroach (D:2)
  7 goblins
  8 hobgoblins
  8 jackals
  4 kobolds
  5 quokkas
  5 ball pythons
  12 bats
  3 frilled lizards
  4 rats
84 creatures vanquished.

Notes
Turn   | Place    | Note
-------+----------+-------------------------------------------
     0 | D:1      | adizb the Gargoyle Earth Elementalist began the quest for
                  | the Orb.
     0 | D:1      | Reached XP level 1. HP: 10/10 MP: 3/3
    62 | D:1      | Reached skill level 1 in Transmutations
   120 | D:1      | Reached XP level 2. HP: 14/15 MP: 3/5
   253 | D:1      | Reached skill level 1 in Armour
   333 | D:1      | Reached skill level 4 in Earth Magic
   369 | D:1      | Reached XP level 3. HP: 12/19 MP: 0/6
   654 | D:1      | Identified a scroll of acquirement
   654 | D:1      | Acquired the +8 quick blade "Eddues" {antimagic, rC++ rN+++
                  | SInv Stlth-}
   779 | D:2      | Learned a level 2 spell: Passwall
  1022 | D:2      | Reached XP level 4. HP: 7/24 MP: 0/7
  1482 | D:2      | Found a faded altar of an unknown god.
  1629 | D:2      | Reached skill level 1 in Fighting
  1929 | D:2      | Learned a level 3 spell: Stone Arrow
  1954 | D:3      | Found a burning altar of Makhleb.
  1978 | D:3      | Reached XP level 5. HP: 29/29 MP: 3/9
  1983 | D:3      | Found an ornate altar of the Wu Jian Council.
  1983 | D:3      | Found a broken altar of Ashenzari.
  1985 | D:3      | Reached skill level 1 in Short Blades
  1987 | D:3      | Found a white marble altar of Elyvilon.
  1987 | D:3      | Found an ancient bone altar of Kikubaaqudgha.
  1995 | D:3      | Became a worshipper of Ashenzari the Shackled
  2481 | D:4      | Noticed a phantom
  2493 | D:4      | Killed a phantom
  2494 | D:4      | Reached skill level 1 in Conjurations
  2494 | D:4      | Reached XP level 6. HP: 33/36 MP: 4/10
  2518 | D:5      | Entered Level 5 of the Dungeon
  2595 | D:5      | Slain by a gnoll

Illustrated notes

Levels and vault maps discovered:
D:1:      dpeg_arrival_stonehenge_12_columns, layout_basic
D:2:      layout_basic, dreamdust_ecumenical_altar_angels_and_demons,
          serial_forest, infiniplex_forest_clump_C,
          infiniplex_forest_clump_small, infiniplex_forest_straight_3,
          infiniplex_forest_lined_2, infiniplex_forest_end_1,
          infiniplex_forest_straight_5
D:3:      layout_basic, grunt_temple_overflow_open, minmay_quadrilaterals
D:4:      layout_rooms, uniq_eustachio
D:5:      layout_basic, serial_rivers, chequers_serial_rivers_micro_b,
          chequers_serial_rivers_micro_b, chequers_serial_rivers_large_a,
          chequers_serial_rivers_micro_d, chequers_serial_rivers_micro_a,
          uniq_menkaure

Skill      XL: |  1  2  3  4  5 |
---------------+----------------+-----
Transmutations | 1 2 |  2.0
Armour         | 1 2 |  2.4
Earth Magic    | 4 |  4.7
Fighting       | 1 2 |  2.7
Short Blades   | 1 |  1.7
Spellcasting   | 3 |  3.1
Conjurations   | 1 |  1.3
Dodging        | |  1.5
Stealth        | |  2.1

Action                   |  1- 3 |  4- 6 || total
-------------------------+-------+-------++-------
Melee: Unarmed           |    12 |       ||    12
       Rapier            |    24 |       ||    24
       Punch             |     1 |     2 ||     3
       Quick blade       |    12 |    72 ||    84
 Cast: Sandblast         |    42 |    51 ||    93
Invok: Curse Item        |       |     1 ||     1
  Use: Scroll            |     1 |     5 ||     6
       Potion            |       |     1 ||     1
 Stab: Sleeping          |     2 |       ||     2
Armor: Robe              |    15 |       ||    15
       Ring mail         |     5 |    29 ||    34
Dodge: Dodged            |    37 |    52 ||    89
